 Dungeon Sprint DCSS version 0.19.0-24-gb05acd6 (webtiles) character file.

8300000 igo the Axe Maniac (level 27, -7/273 HPs)
             Began as a Ghoul Warper on Nov 22, 2016.
             Was the Champion of Makhleb.
             Mangled by a meat berserker
             ... wielding a +9 battleaxe
              (66 damage)
             ... in the Dungeon (Sprint VIII: "Arena of Blood").
             The game lasted 00:04:25 (83 turns).

igo the Axe Maniac (Ghoul Warper)                     Turns: 83, Time: 00:04:25

Health: -7/273     AC:  6    Str: 19    XL:     27
Magic:  23/53      EV: 32    Int:  8    God:    Makhleb [******]
Gold:   0          SH:  0    Dex: 17    Spells: 0 memorised, 80 levels left

rFire  . . .     SeeInvis +     l - +∞ Axe of Woe
rCold  + . .     Gourm    .     b - +0 leather armour
rNeg   + + +     Faith    .     (shield currently unavailable)
rPois  ∞         Spirit   .     (no helmet)
rElec  .         Reflect  .     (no cloak)
rCorr  .         Harm     .     (no gloves)
MR     ++...     NoTele   +     (no boots)
Stlth  +++++++++.               (no amulet)
                                (no ring)
                                m - ring of see invisible

@: marked, very slightly contaminated, rotting
A: rotting body, claws 1, carnivore 3, cold resistance 1, negative energy
resistance 3, slow regeneration 1, torment resistance, unbreathing
a: Minor Destruction, Lesser Servant of Makhleb, Major Destruction, Greater
Servant of Makhleb, Renounce Religion


You were in the Dungeon.
You worshipped Makhleb.
Makhleb was exalted by your worship.
You were not hungry.

You visited 1 branch

Inventory:

Hand Weapons
 a - a +0 hand axe
 l - the +∞ Axe of Woe (weapon)
   (You found it in the Dungeon)
Missiles
 e - 5 tomahawks of dispersal (quivered)
Armour
 b - a +0 leather armour (worn)
Jewellery
 m - a ring of see invisible (left claw)
Scrolls
 d - a scroll of blinking
Potions
 g - a potion of curing
 h - a potion of heal wounds
 i - a potion of haste
 j - 2 potions of magic
 k - a potion of berserk rage
Books
 c - a book of Spatial Translocations

   Spells                             Type                      Level
   a - Blink                          Translocation                2
   b - Shroud of Golubria             Charms/Translocation         2
   c - Lesser Beckoning               Translocation                3
   d - Portal Projectile              Translocation                3
   e - Teleport Other                 Translocation                3
   f - Passage of Golubria            Translocation                4
Comestibles
 f - a meat ration


   Skills:
 O Level 27 Fighting
 O Level 27 Axes
 O Level 27 Throwing
 O Level 27 Armour
 O Level 27 Dodging
 O Level 27 Stealth
 O Level 27 Unarmed Combat
 O Level 27 Spellcasting
   Level 2.6 Translocations
 O Level 27 Invocations


You had 80 spell levels left.
You didn't know any spells.

Dungeon Overview and Level Annotations

Branches:
Dungeon (1/1)

Altars:
Makhleb

Annotations:
D The Captor


Innate Abilities, Weirdness & Mutations

Your body is rotting away.
You thrive on raw meat.
You are immune to poison.
You have sharp fingernails.
You are carnivorous and can eat meat at any time.
Your flesh is cold resistant. (rC+)
You are immune to negative energy. (rN+++)
You regenerate slowly when monsters are visible.
You are immune to unholy pain and torment.
You can survive without breathing.


Message History

You hear a shout! x2
The Captor is engulfed in roaring flames.
The Captor points at you and mumbles some strange words.
The mark upon you grows brighter.
The wretched soul is engulfed in roaring flames.
You hear a shout!
Found a chunk of flesh.
A vampire knight and a wraith come into view.
The destroyer is wielding a +9 great sword of slicing.
You hear a shout! x6
The dread is engulfed in roaring flames.
You hear a shout!
The accursed gestures at you while chanting.
Something smites you!
* * * LOW HITPOINT WARNING * * *
The Captor is engulfed in roaring flames.
You hear a shout! x4
The wretched soul is engulfed in roaring flames.
The meat berserker hits you with a +9 battleaxe!!!
You die...

........###O.....
#........_.....
..o...#.....# ..
..O...#_.<._#.... V
......#.....#.... #.#
#......%)_....... V..O
..%...).###§......W.#.#O
%.o###.))....###%...%...
.....#.).2O.W#@O..Loz...
.....#.))x...#W...z.C...
.......).O...2M%..W.....
.....§§)§)...OX.@#O..# ..
.....§§.).%WV..W#W§..#o..
......)z).O...##§§§OW#...
....#..)o....#.)§§§.#....
........))%%.#.§§###..W.#
...##.#.)))z..........#..


You could see an accursed, a meat beast, a tyrant, 3 destroyers, 2 sculptors of
flesh, a large bag of meat (inner flame), a large abomination, 2 wretched souls,
5 dreads, The Captor, 5 meat berserkers and a bag of meat.

Vanquished Creatures
  3 hell beasts (D)
  A greater mummy (D)
  2 wraiths (D)
  10 vampire knights (D)
  24 ogres (D)
  3 liches (D)
  2 hydras (D)
  46 orcs (D)
  5 hill giants (D)
  3 skeletal warriors (D)
  6 large abominations (D)
  5 small abominations (D)
110 creatures vanquished.

Vanquished Creatures (others)
  3 crawling corpses (D)
3 creatures vanquished.

Grand Total: 113 creatures vanquished

Notes
Turn   | Place    | Note
-------+----------+-------------------------------------------
     0 | D        | igo the Ghoul Warper began the quest for the Orb.
     0 | D        | Reached XP level 1. HP: 17/17 MP: 2/2
     3 | D        | Noticed a bag of meat
     3 | D        | Noticed a bag of meat
     4 | D        | Became a worshipper of Makhleb the Destroyer
     5 | D        | Noticed a bag of meat
     6 | D        | Noticed a meat berserker
     6 | D        | Noticed a bag of meat
     7 | D        | Noticed a bag of meat
     7 | D        | Killed a bag of meat
     7 | D        | Reached XP level 2. HP: 47/47 MP: 2/15
     7 | D        | Reached XP level 3. HP: 53/53 MP: 2/17
     7 | D        | Reached XP level 4. HP: 61/61 MP: 2/18
     7 | D        | Reached XP level 5. HP: 68/68 MP: 2/20
     7 | D        | Reached XP level 6. HP: 75/75 MP: 2/21
     7 | D        | Reached XP level 7. HP: 82/82 MP: 2/23
     7 | D        | Reached XP level 8. HP: 90/90 MP: 2/24
     7 | D        | Reached XP level 9. HP: 96/96 MP: 2/25
     7 | D        | Reached XP level 10. HP: 104/104 MP: 2/26
     7 | D        | Reached XP level 11. HP: 111/111 MP: 2/27
     7 | D        | Reached XP level 12. HP: 118/118 MP: 2/28
     7 | D        | Noticed a bag of meat
     8 | D        | Noticed a bag of meat
     8 | D        | Noticed a bag of meat
     8 | D        | Killed a bag of meat
     8 | D        | Reached * piety under Makhleb
     8 | D        | Reached skill level 15 in Spellcasting
     8 | D        | Reached XP level 13. HP: 25/130 MP: 2/31
     8 | D        | Killed a bag of meat
     8 | D        | Reached skill level 15 in Dodging
     8 | D        | Reached XP level 14. HP: 82/140 MP: 2/33
     8 | D        | Killed a meat berserker
     8 | D        | Reached skill level 5 in Throwing
     8 | D        | Reached XP level 15. HP: 152/152 MP: 2/35
     9 | D        | Noticed a meat berserker
     9 | D        | Noticed a meat berserker
     9 | D        | Noticed a meat berserker
    10 | D        | Noticed a meat berserker
    10 | D        | Noticed a meat berserker
    10 | D        | Noticed a meat berserker
    11 | D        | Noticed a meat berserker
    11 | D        | Noticed a meat berserker
    11 | D        | Killed a meat berserker
    11 | D        | Reached ** piety under Makhleb
    11 | D        | Reached XP level 16. HP: 131/165 MP: 3/37
    11 | D        | Reached *** piety under Makhleb
    11 | D        | Reached XP level 17. HP: 178/178 MP: 3/40
    12 | D        | Noticed a large bag of meat
    13 | D        | Noticed a large bag of meat
    13 | D        | Noticed a meat berserker
    13 | D        | Killed a meat berserker
    13 | D        | Reached skill level 27 in Axes
    13 | D        | Reached skill level 10 in Armour
    13 | D        | Killed a meat berserker
    13 | D        | Reached XP level 18. HP: 198/198 MP: 3/43
    13 | D        | Reached **** piety under Makhleb
    13 | D        | Reached skill level 27 in Fighting
    15 | D        | Noticed a meat berserker
    15 | D        | Noticed a meat berserker
    15 | D        | Killed a meat berserker
    15 | D        | Reached XP level 19. HP: 207/207 MP: 4/47
    15 | D        | Killed a meat berserker
    15 | D        | Reached skill level 10 in Throwing
    15 | D        | Reached skill level 27 in Dodging
    15 | D        | Reached ***** piety under Makhleb
    15 | D        | Reached skill level 27 in Spellcasting
    15 | D        | Killed a meat berserker
    15 | D        | Reached XP level 20. HP: 216/216 MP: 4/50
    16 | D        | Killed a meat berserker
    16 | D        | Reached skill level 27 in Armour
    16 | D        | Reached XP level 21. HP: 224/224 MP: 4/51
    17 | D        | Killed a meat berserker
    17 | D        | Reached skill level 27 in Throwing
    17 | D        | Reached skill level 10 in Stealth
    17 | D        | Reached ****** piety under Makhleb
    17 | D        | Reached skill level 15 in Unarmed Combat
    17 | D        | Reached skill level 15 in Invocations
    17 | D        | Reached XP level 22. HP: 233/233 MP: 4/52
    18 | D        | Reached XP level 23. HP: 240/240 MP: 4/53
    18 | D        | Reached skill level 27 in Stealth
    19 | D        | Reached skill level 27 in Unarmed Combat
    19 | D        | Reached skill level 27 in Invocations
    22 | D        | Reached XP level 24. HP: 218/249 MP: 6/53
    24 | D        | Noticed a destroyer
    24 | D        | Noticed a destroyer
    24 | D        | Noticed a destroyer
    24 | D        | Reached XP level 25. HP: 257/257 MP: 6/53
    25 | D        | Noticed a destroyer
    28 | D        | Noticed a destroyer
    29 | D        | Killed a destroyer
    29 | D        | Killed a destroyer
    29 | D        | Reached XP level 26. HP: 266/266 MP: 8/53
    31 | D        | Killed a destroyer
    31 | D        | Reached XP level 27. HP: 266/273 MP: 8/53
    32 | D        | Killed a destroyer
    33 | D        | Noticed a destroyer
    33 | D        | Killed a destroyer
    40 | D        | Killed a destroyer
    44 | D        | Noticed a destroyer
    49 | D        | Noticed a tyrant
    53 | D        | Noticed a tyrant
    57 | D        | Noticed an accursed
    57 | D        | Killed a tyrant
    58 | D        | Noticed a destroyer
    59 | D        | Noticed a tyrant
    60 | D        | Noticed a destroyer
    60 | D        | Killed a destroyer
    61 | D        | Killed a destroyer
    61 | D        | Noticed a meat beast
    63 | D        | Noticed an accursed
    63 | D        | Killed a destroyer
    63 | D        | Killed a meat beast
    64 | D        | Noticed a dread
    64 | D        | Noticed a meat beast
    64 | D        | Killed a tyrant
    66 | D        | Noticed a dread
    67 | D        | Noticed a destroyer
    67 | D        | Noticed a destroyer
    68 | D        | Noticed a dread
    68 | D        | Killed a meat beast
    69 | D        | Noticed The Captor
    70 | D        | Killed a destroyer
    71 | D        | Killed a tyrant
    73 | D        | Noticed a meat beast
    74 | D        | Killed a dread
    77 | D        | Killed an accursed
    78 | D        | Noticed a tyrant
    78 | D        | Noticed a dread
    78 | D        | Killed a meat beast
    78 | D        | Killed a dread
    81 | D        | Noticed a dread
    82 | D        | Noticed a meat beast
    82 | D        | Noticed a dread
    82 | D        | Noticed a dread
    82 | D        | Noticed a dread
    83 | D        | Noticed a dread
    83 | D        | Noticed a destroyer
    83 | D        | Mangled by a meat berserker

Skill      XL: |  1  2  3  4  5  6  7  8  9 10 11 12 13 14 15 16 17 18 19 20 21 22 23 |
---------------+----------------------------------------------------------------------+-----
Fighting       | 14 16 17 19 20 22 26 27 | 27.0
Axes           | 13 16 18 20 23 25 27 | 27.0
Throwing       | 3 4 5 6 8 9 16 21 27 | 27.0
Armour         | 4 6 8 9 11 13 24 27 | 27.0
Dodging        | 12 14 15 16 18 20 22 25 27 | 27.0
Spellcasting   | 13 15 16 17 18 20 22 25 27 | 27.0
Stealth        | 16 25 27 | 27.0
Unarmed Combat | 15 23 27 | 27.0
Invocations    | 15 23 27 | 27.0
Translocations | |  2.6

Action                   |  1- 3 |  4- 6 |  7- 9 | 10-12 | 13-15 | 16-18 | 19-21 | 22-24 | 25-27 || total
-------------------------+-------+-------+-------+-------+-------+-------+-------+-------+-------++-------
Melee: Executioner's axe |     1 |       |       |     1 |     1 |     2 |     2 |     4 |    30 ||    41
  Use: Scroll            |       |       |       |       |       |       |       |       |     1 ||     1
Armor: Leather armour    |       |       |       |       |       |       |       |       |     1 ||     1
Dodge: Dodged            |       |       |       |       |       |       |       |     3 |     2 ||     5
